 Dungeon Sprint DCSS version 0.21.1-1-g345015f (webtiles) character file.

19577 wilfster70 the Covert (level 12, -1/101 HPs)
             Began as a Gnoll Enchanter on June 20, 2018.
             Was the Champion of Dithmenos.
             Slain by an ice devil (23 damage)
             ... summoned by a mummy priest
             ... in the Dungeon (Sprint I: "Red Sonja").
             The game lasted 00:18:21 (1822 turns).

wilfster70 the Covert (Gnoll Enchanter)             Turns: 1822, Time: 00:18:21

Health: -1/101     AC: 14    Str: 14    XL:     12   Next: 70%
Magic:  20/28      EV: 21    Int: 19    God:    Dithmenos [******]
Gold:   1266       SH: 15    Dex: 20    Spells: 30/36 levels left

rFire    + . .     SeeInvis +   b - +5 flail of Doom {crush, rF+}
rCold    . . .     Gourm    .   q - +3 shield "Vaff" {rElec rN+}
rNeg     + . .     Faith    .   n - +0 troll leather armour
rPois    .         Spirit   .   o - +2 helmet {SInv}
rElec    +         Reflect  .   t - +0 cloak (curse)
rCorr    .         Harm     .   (no gloves)
MR       .....     NoTele   +   s - +2 pair of boots
Stlth    +++++++++.             (no amulet)
HPRegen  0.66/turn              r - +4 ring of dexterity
MPRegen  0.21/turn              (no ring)

@: lethally poisoned (-1 -> -5), mesmerised, wreathed by umbra
A: distributed training, fangs 1, strong nose
a: Shadow Step, Shadow Form, Renounce Religion


You were in the Dungeon.
You worshipped Dithmenos.
Dithmenos was exalted by your worship.
You were not hungry.

You visited 1 branch You collected 2526 gold pieces.
You spent 1260 gold pieces at shops.

Inventory:

Hand Weapons
 a - a +3 dagger
 b - the +5 flail of Doom (weapon) {crush, rF+}
   (You bought it in a shop in the Dungeon)

   It inflicts extra damage upon your enemies.
   It protects you from fire.
Armour
 n - a +0 troll leather armour (worn)
 o - a +2 helmet of see invisible (worn)
 q - the +3 shield "Vaff" (worn) {rElec rN+}
   (You bought it in a shop in the Dungeon)

   It insulates you from electricity.
   It protects you from negative energy.
 s - a +2 pair of boots (worn)
 t - a cursed +0 cloak (worn)
Jewellery
 r - a +4 ring of dexterity (left hand)
Wands
 p - a wand of polymorph (21)
Scrolls
 i - a scroll of identify {unknown}
 m - 2 scrolls of fear
Potions
 e - 5 potions of curing
 g - a potion of haste
 h - 2 potions of magic
 k - 2 potions of flight {unknown}
 l - 3 potions of cancellation {unknown}
Books
 c - a book of Maledictions

   Spells                             Type                      Level
   a - Corona                         Hexes                        1
   b - Ensorcelled Hibernation        Hexes/Ice                    2
   c - Confuse                        Hexes                        3
   d - Tukima's Dance                 Hexes                        3
   e - Dazzling Spray                 Conjuration/Hexes            3
Comestibles
 d - 4 rations
 f - 10 chunks of flesh


   Skills:
 + Level 11.7 Fighting
 + Level 12.0 Short Blades
 + Level 11.7 Long Blades
 + Level 11.7 Axes
 + Level 11.7 Maces & Flails
 + Level 11.7 Polearms
 + Level 11.7 Staves
 + Level 11.7 Slings
 + Level 11.7 Bows
 + Level 11.7 Crossbows
 + Level 11.7 Throwing
 + Level 11.7 Armour
 + Level 12.5 Dodging
 + Level 13.0 Stealth
 + Level 11.7 Shields
 + Level 11.7 Unarmed Combat
 + Level 12.6 Spellcasting
 + Level 10.1 Conjurations
 + Level 11.3 Hexes
 + Level 10.1 Charms
 + Level 10.1 Summonings
 + Level 10.1 Necromancy
 + Level 10.1 Translocations
 + Level 10.1 Transmutations
 + Level 10.1 Fire Magic
 + Level 10.1 Ice Magic
 + Level 10.1 Air Magic
 + Level 10.1 Earth Magic
 + Level 10.1 Poison Magic
 + Level 12.7 Invocations
 + Level 11.7 Evocations


You had 30 spell levels left.
You knew the following spells:

 Your Spells              Type           Power        Failure   Level  Hunger
a - Corona                Hex            ######.      1%          1    None
b - Ensorcelled Hibernat  Hex/Ice        ######       1%          2    None
c - Confuse               Hex            ######..     1%          3    None


Dungeon Overview and Level Annotations

Branches:
Dungeon (1/1)

Altars:
Cheibriados
Dithmenos
Elyvilon
Fedhas
Gozag
Hepliaklqana
Kikubaaqudgha
Makhleb
Nemelex Xobeh
Okawaru
Qazlal
Ru
Sif Muna
Trog
Uskayaw
Vehumet
Wu Jian
Xom
Yredelemnul
Zin
The Shining One
Jiyva
Lugonu

Shops:
D [?*(*(%[}!(*[}}[[

Annotations:
D exclusion: oklob plant, Tiamat


Innate Abilities, Weirdness & Mutations

Your experience applies equally to all skills.
You have very sharp teeth.
Your uncanny sense of smell can sniff out nearby items.


Message History

The hornet is almost dead.
Your shadow hits the hornet with a flail.
You feel yourself speed up.
You feel sick. The hornet barely misses you. The hellwing hits you!
You emit a cloud of dark smoke.
The hellwing hits you!
* * * LOW HITPOINT WARNING * * *
The deep elf annihilator points at you and mumbles some strange words.
You block the poison arrow. You block the hornet's attack.
The merfolk siren chants its luring song.
The hellwing misses you. You block the hellwing's attack.
You hit the hornet.
You kill the hornet!
Dithmenos accepts your kill.
Your Stealth skill increases to level 13!
You feel sick.
The merfolk siren chants its luring song.
The ice devil hits you.
* * * LOW HITPOINT WARNING * * *
The ice devil freezes you!!
You die...

§...§.§§§.§'§§#.^+∆∆∆∆
∆
§####§.§..##..'^^#∆∆∆∆
§#.###§..#######'#∆∆∆∆∆
.#'#$###'#∆$?##..#∆∆∆∆∆
##^.$#y#.##$$$#..##∆∆∆∆
.#..$###..###$#..≈###
^'..$$$##§#A#$#.§§§:#∆
.#^....#§§###$#§§4e#
^###''##§##..$#§@§#
###§.###§§#+###43§#
####§.###§§.#Pyym##
#$$#..#§###.#M≈§y#
#$§§§§§$$$#.###..# ∆
#$§§§§§§$$#.# +..#
+$§§§§$####'# ##'#
∆∆∆∆∆ ##$§§###....# ≈≈≈
∆∆∆∆ (#####...####


You could see a deep elf annihilator, a mummy priest, an oklob plant, a
hellwing, an ice devil, a merfolk siren, a smoke demon and 3 hornets.

Vanquished Creatures
  4 fire giants (D)
  A lorocyproca (D)
  A hydra (D)
  2 centaur warriors (D)
  Sonja (D)
  A deep troll (D)
  7 unseen horrors (D)
  A lindwurm (D)
  An oklob plant (D)
  A merfolk siren (D)
  A gargoyle (D)
  2 kobold demonologists (D)
  4 demonic crawlers (D)
  2 hornets (D)
  A slime creature (D)
  2 redbacks (D)
  A yak (D)
  Sigmund (D)
  13 hogs (D)
  3 floating eyes (D)
  7 necrophages (D)
  An ogre (D)
  8 jellies (D)
  Ijyb (D)
  2 ballistomycetes (D)
  A ballistomycete spore (D)
70 creatures vanquished.

Vanquished Creatures (others)
  A gargoyle (D)
  A ballistomycete spore (D)
2 creatures vanquished.

Grand Total: 72 creatures vanquished

Notes
Turn   | Place    | Note
-------+----------+-------------------------------------------
     0 | D        | wilfster70 the Gnoll Enchanter began the quest for the Orb.
     0 | D        | Reached XP level 1. HP: 13/13 MP: 6/6
     1 | D        | Noticed Ijyb
     4 | D        | Killed Ijyb
     4 | D        | Reached skill level 1 in Fighting
     4 | D        | Reached skill level 1 in Long Blades
     4 | D        | Reached skill level 1 in Axes
     4 | D        | Reached skill level 1 in Maces & Flails
     4 | D        | Reached skill level 1 in Polearms
     4 | D        | Reached skill level 1 in Staves
     4 | D        | Reached skill level 1 in Slings
     4 | D        | Reached skill level 1 in Bows
     4 | D        | Reached skill level 1 in Crossbows
     4 | D        | Reached skill level 1 in Throwing
     4 | D        | Reached skill level 1 in Armour
     4 | D        | Reached skill level 6 in Stealth
     4 | D        | Reached skill level 1 in Shields
     4 | D        | Reached skill level 1 in Unarmed Combat
     4 | D        | Reached skill level 5 in Spellcasting
     4 | D        | Reached skill level 1 in Conjurations
     4 | D        | Reached skill level 1 in Charms
     4 | D        | Reached skill level 1 in Summonings
     4 | D        | Reached skill level 1 in Necromancy
     4 | D        | Reached skill level 1 in Translocations
     4 | D        | Reached skill level 1 in Transmutations
     4 | D        | Reached skill level 1 in Fire Magic
     4 | D        | Reached skill level 1 in Ice Magic
     4 | D        | Reached skill level 1 in Air Magic
     4 | D        | Reached skill level 1 in Earth Magic
     4 | D        | Reached skill level 1 in Poison Magic
     4 | D        | Reached skill level 1 in Invocations
     4 | D        | Reached skill level 1 in Evocations
     4 | D        | Reached XP level 2. HP: 22/22 MP: 8/8
     4 | D        | Reached XP level 3. HP: 27/27 MP: 9/9
     7 | D        | Noticed an ogre
    12 | D        | Learned a level 2 spell: Ensorcelled Hibernation
    16 | D        | Learned a level 3 spell: Confuse
    19 | D        | Killed an ogre
    19 | D        | Reached skill level 5 in Dodging
    19 | D        | Reached XP level 4. HP: 34/34 MP: 9/11
    30 | D        | Noticed Sigmund
    34 | D        | Killed Sigmund
    34 | D        | Reached skill level 7 in Stealth
    34 | D        | Reached XP level 5. HP: 42/42 MP: 9/14
    34 | D        | Reached XP level 6. HP: 48/48 MP: 9/15
    82 | D        | Found a deep blue altar of Sif Muna.
    83 | D        | Found an ornate altar of the Wu Jian Council.
    84 | D        | Found a radiant altar of Vehumet.
    88 | D        | Reached skill level 5 in Short Blades
   118 | D        | Found Kusac's Magic Scroll Emporium.
   118 | D        | Found an ancient bone altar of Kikubaaqudgha.
   118 | D        | Found a hazy altar of Hepliaklqana.
   118 | D        | Found a stormy altar of Qazlal.
   118 | D        | Found a hide-covered altar of Uskayaw.
   118 | D        | Found a blossoming altar of Fedhas.
   118 | D        | Found a bloodstained altar of Trog.
   118 | D        | Found an iron altar of Okawaru.
   118 | D        | Found a basalt altar of Yredelemnul.
   118 | D        | Found a glowing golden altar of the Shining One.
   118 | D        | Found a snail-covered altar of Cheibriados.
   118 | D        | Found a sacrificial altar of Ru.
   118 | D        | Found a glowing silver altar of Zin.
   118 | D        | Found a shadowy altar of Dithmenos.
   118 | D        | Found a white marble altar of Elyvilon.
   118 | D        | Noticed a yak
   119 | D        | Found an opulent altar of Gozag.
   120 | D        | Killed a yak
   120 | D        | Reached skill level 5 in Invocations
   121 | D        | Found a sparkling altar of Nemelex Xobeh.
   134 | D        | Became a worshipper of Dithmenos the Shadowed
   143 | D        | Noticed Sonja
   147 | D        | Killed Sonja
   147 | D        | Reached skill level 8 in Stealth
   147 | D        | Reached skill level 5 in Conjurations
   147 | D        | Reached skill level 5 in Charms
   147 | D        | Reached skill level 5 in Summonings
   147 | D        | Reached skill level 5 in Necromancy
   147 | D        | Reached skill level 5 in Translocations
   147 | D        | Reached skill level 5 in Transmutations
   147 | D        | Reached skill level 5 in Fire Magic
   147 | D        | Reached skill level 5 in Ice Magic
   147 | D        | Reached skill level 5 in Air Magic
   147 | D        | Reached skill level 5 in Earth Magic
   147 | D        | Reached skill level 5 in Poison Magic
   147 | D        | Reached XP level 7. HP: 58/58 MP: 16/18
   147 | D        | Reached XP level 8. HP: 64/64 MP: 17/20
   161 | D        | Found Sejot's Armour Boutique.
   181 | D        | Noticed a deep troll
   185 | D        | Killed a deep troll
   185 | D        | Reached skill level 9 in Stealth
   206 | D        | Found Lucu's Armour Emporium.
   219 | D        | Bought a +2 helmet of see invisible for 301 gold pieces
   240 | D        | Noticed a centaur warrior
   240 | D        | Noticed a centaur warrior
   244 | D        | Killed a centaur warrior
   244 | D        | Reached * piety under Dithmenos
   244 | D        | Reached XP level 9. HP: 36/72 MP: 18/22
   253 | D        | HP: 1/72 [centaur warrior (9)]
   255 | D        | Killed a centaur warrior
   255 | D        | Reached skill level 10 in Stealth
   373 | D        | Noticed a hornet
   376 | D        | Killed a hornet
   386 | D        | Noticed an oklob plant
   388 | D        | Killed an oklob plant
   388 | D        | Reached ** piety under Dithmenos
   388 | D        | Reached XP level 10. HP: 80/80 MP: 23/23
   418 | D        | Reached *** piety under Dithmenos
   423 | D        | Noticed an unseen horror
   424 | D        | Noticed an unseen horror
   429 | D        | Killed an unseen horror
   429 | D        | Reached skill level 10 in Spellcasting
   431 | D        | Killed an unseen horror
   431 | D        | Reached skill level 10 in Dodging
   452 | D        | Reached **** piety under Dithmenos
   729 | D        | Reached ***** piety under Dithmenos
   753 | D        | Reached skill level 10 in Invocations
   786 | D        | Found Lyqatim's Antique Weapon Shoppe.
   786 | D        | Found Relidam's Assorted Antiques.
   786 | D        | Found Byquv's General Store.
   788 | D        | Found Nofanges's Weapon Emporium.
   788 | D        | Found Ololeh's Food Shop.
   788 | D        | Found Rygac's Antique Armour Shoppe.
   788 | D        | Found Tachudep's Gadget Boutique.
   788 | D        | Found Timpaluro's Distillery.
   788 | D        | Found Utwamak's Antique Weapon Shop.
   788 | D        | Found Punlaluz's General Store.
   792 | D        | Found Vaddonoc's Armour Boutique.
   793 | D        | Found Jequihat's Gadget Emporium.
   793 | D        | Found Qiucumi's Gadget Boutique.
   794 | D        | Found Icoijot's Armour Emporium.
   810 | D        | Bought a polished shield for 313 gold pieces
   815 | D        | Identified the +3 shield "Vaff" {rElec rN+} (You bought it in a shop in the Dungeon)
   822 | D        | Bought a warped flail for 263 gold pieces
   822 | D        | Identified the +5 flail of Doom {crush, rF+} (You bought it in a shop in the Dungeon)
   826 | D        | Bought a +2 pair of boots for 214 gold pieces
   831 | D        | Bought a cursed +0 cloak for 19 gold pieces
   926 | D        | Bought 2 scrolls of enchant weapon for 150 gold pieces
  1003 | D        | Found a burning altar of Makhleb.
  1003 | D        | Found a viscous altar of Jiyva.
  1003 | D        | Found a shimmering altar of Xom.
  1003 | D        | Found a corrupted altar of Lugonu.
  1019 | D        | Noticed a kobold demonologist
  1020 | D        | Noticed a kobold demonologist
  1024 | D        | Killed a kobold demonologist
  1024 | D        | Reached skill level 11 in Stealth
  1025 | D        | Killed a kobold demonologist
  1025 | D        | Reached XP level 11. HP: 88/88 MP: 25/25
  1065 | D        | Reached ****** piety under Dithmenos
  1081 | D        | Reached skill level 10 in Short Blades
  1218 | D        | Noticed a lindwurm
  1222 | D        | Killed a lindwurm
  1244 | D        | Reached skill level 10 in Hexes
  1250 | D        | Reached skill level 10 in Fighting
  1250 | D        | Reached skill level 10 in Long Blades
  1250 | D        | Reached skill level 10 in Axes
  1250 | D        | Reached skill level 10 in Maces & Flails
  1250 | D        | Reached skill level 10 in Polearms
  1250 | D        | Reached skill level 10 in Staves
  1250 | D        | Reached skill level 10 in Slings
  1250 | D        | Reached skill level 10 in Bows
  1250 | D        | Reached skill level 10 in Crossbows
  1250 | D        | Reached skill level 10 in Throwing
  1250 | D        | Reached skill level 10 in Armour
  1250 | D        | Reached skill level 10 in Shields
  1250 | D        | Reached skill level 10 in Unarmed Combat
  1250 | D        | Reached skill level 10 in Evocations
  1325 | D        | Noticed a 12-headed hydra
  1328 | D        | Killed a 12-headed hydra
  1367 | D        | Noticed a lorocyproca
  1398 | D        | Killed a lorocyproca
  1398 | D        | Reached skill level 12 in Stealth
  1618 | D        | Noticed a daeva
  1621 | D        | Noticed an unseen horror
  1621 | D        | Noticed an unseen horror
  1621 | D        | Noticed an unseen horror
  1622 | D        | Noticed an unseen horror
  1628 | D        | Killed an unseen horror
  1633 | D        | Killed an unseen horror
  1636 | D        | Killed an unseen horror
  1636 | D        | Reached XP level 12. HP: 99/99 MP: 17/27
  1699 | D        | Noticed a fire giant
  1700 | D        | Noticed a fire giant
  1700 | D        | Noticed a fire giant
  1700 | D        | Noticed a fire giant
  1701 | D        | Killed a fire giant
  1703 | D        | Killed a fire giant
  1705 | D        | Killed a fire giant
  1707 | D        | Killed a fire giant
  1707 | D        | Reached skill level 10 in Conjurations
  1707 | D        | Reached skill level 10 in Charms
  1707 | D        | Reached skill level 10 in Summonings
  1707 | D        | Reached skill level 10 in Necromancy
  1707 | D        | Reached skill level 10 in Translocations
  1707 | D        | Reached skill level 10 in Transmutations
  1707 | D        | Reached skill level 10 in Fire Magic
  1707 | D        | Reached skill level 10 in Ice Magic
  1707 | D        | Reached skill level 10 in Air Magic
  1707 | D        | Reached skill level 10 in Earth Magic
  1707 | D        | Reached skill level 10 in Poison Magic
  1721 | D        | Noticed Tiamat
  1806 | D        | Noticed a deep elf annihilator
  1808 | D        | Noticed a mummy priest
  1822 | D        | Reached skill level 13 in Stealth
  1822 | D        | Slain by an ice devil

Skill      XL: |  1  2  3  4  5  6  7  8  9 10 11 12 |
---------------+-------------------------------------+-----
Fighting       | 1 2 4 6 7 8 9 10 11 | 11.7
Short Blades   | 3 4 6 7 8 9 11 12 | 12.0
Long Blades    | 1 2 4 6 7 8 9 10 11 | 11.7
Axes           | 1 2 4 6 7 8 9 10 11 | 11.7
Maces & Flails | 1 2 4 6 7 8 9 10 11 | 11.7
Polearms       | 1 2 4 6 7 8 9 10 11 | 11.7
Staves         | 1 2 4 6 7 8 9 10 11 | 11.7
Slings         | 1 2 4 6 7 8 9 10 11 | 11.7
Bows           | 1 2 4 6 7 8 9 10 11 | 11.7
Crossbows      | 1 2 4 6 7 8 9 10 11 | 11.7
Throwing       | 1 2 4 6 7 8 9 10 11 | 11.7
Armour         | 1 2 4 6 7 8 9 10 11 | 11.7
Stealth        | 6 7 8 9 10 11 12 13 | 13.0
Shields        | 1 2 4 6 7 8 9 10 11 | 11.7
Unarmed Combat | 1 2 4 6 7 8 9 10 11 | 11.7
Spellcasting   | 5 6 8 9 10 11 12 | 12.6
Conjurations   | 1 2 3 5 6 7 9 10 | 10.1
Charms         | 1 2 3 5 6 7 9 10 | 10.1
Summonings     | 1 2 3 5 6 7 9 10 | 10.1
Necromancy     | 1 2 3 5 6 7 9 10 | 10.1
Translocations | 1 2 3 5 6 7 9 10 | 10.1
Transmutations | 1 2 3 5 6 7 9 10 | 10.1
Fire Magic     | 1 2 3 5 6 7 9 10 | 10.1
Ice Magic      | 1 2 3 5 6 7 9 10 | 10.1
Air Magic      | 1 2 3 5 6 7 9 10 | 10.1
Earth Magic    | 1 2 3 5 6 7 9 10 | 10.1
Poison Magic   | 1 2 3 5 6 7 9 10 | 10.1
Invocations    | 1 3 4 6 8 9 10 11 12 | 12.7
Evocations     | 1 2 4 6 7 8 9 10 11 | 11.7
Dodging        | 5 6 7 8 9 10 11 12 | 12.5
Hexes          | 6 7 8 9 10 11 | 11.3

Action                   |  1- 3 |  4- 6 |  7- 9 | 10-12 || total
-------------------------+-------+-------+-------+-------++-------
Melee: Dagger            |     2 |     4 |     6 |    56 ||    68
       Flail             |       |       |       |   138 ||   138
       Bite              |       |       |       |    26 ||    26
       Punch             |       |       |       |     2 ||     2
 Cast: Ensorcelled Hiber |       |     1 |    11 |    23 ||    35
       Confuse           |       |       |       |    13 ||    13
Invok: Shadow Step       |       |       |       |     7 ||     7
  Use: Scroll            |       |       |       |     5 ||     5
       Potion            |       |       |       |     2 ||     2
 Stab: Sleeping          |     2 |     4 |     5 |    35 ||    46
       Confused          |       |       |       |     4 ||     4
  Eat: Ration            |       |       |       |     1 ||     1
Armor: Troll leather arm |       |       |     3 |    41 ||    44
Dodge: Dodged            |       |     1 |     5 |   164 ||   170
Block: Shield            |       |       |       |   155 ||   155
